 Dungeon Crawl Stone Soup version 0.28.0-47-ge53b351184 (webtiles) character file.

Game seed: 7976441301397289428

522 Zeld the Conjurer (level 7, 58/58 HPs)
             Began as a Purple Draconian Conjurer on Apr 29, 2022.
             Quit the game on level 4 of the Dungeon.
             The game lasted 00:03:30 (2699 turns).

Zeld the Conjurer (Purple Draconian Conjurer)       Turns: 2699, Time: 00:03:31

Health: 58/58      AC:  6    Str:  9    XL:     7   Next: 1%
Magic:  7/14       EV: 12    Int: 20    God:
Gold:   136        SH:  0    Dex: 10    Spells: 12/15 levels left

rFire   . . .      SeeInvis .   c - +0 war axe (flame)
rCold   . . .      Faith    .   (no shield)
rNeg    . . .      Spirit   .   (armour unavailable)
rPois   .          Reflect  .   (helmet restricted)
rElec   .          Harm     .   (no cloak)
rCorr   .          Rampage  .   (no gloves)
Will    +....                   (no boots)
Stlth   ++........              (no amulet)
HPRegen 0.19/turn               (no ring)
MPRegen 0.14/turn               (no ring)

@: no status effects
A: breathe power, AC +6, unfitting armour, cold-blooded
a: Breathe Dispelling Energy


You were on level 4 of the Dungeon.
You visited 1 branch of the dungeon, and saw 4 of its levels.
You also visited: Ossuary.

You collected 136 gold pieces.

Inventory:

Hand Weapons
 c - a +0 war axe of flaming (weapon)
Wands
 b - a wand of paralysis (3)
Scrolls
 d - 2 scrolls of identify {unknown}
 g - a scroll of magic mapping {unknown}
 h - a scroll of enchant weapon {unknown}
 i - 2 scrolls of teleportation {unknown}
 j - a scroll of immolation {unknown}
Potions
 a - a potion of heal wounds {unknown}
 e - a potion of magic {unknown}
 f - a potion of invisibility {unknown}
 k - a potion of lignification {unknown}
 l - a potion of resistance {unknown}


   Skills:
 * Level 3.8 Fighting
 + Level 2.8 Dodging
 + Level 3.0 Stealth
 * Level 4.6 Spellcasting
 * Level 5.4 Conjurations


You had 12 spell levels left.
You knew the following spells:

 Your Spells              Type           Power      Damage    Failure   Level
a - Magic Dart            Conj           100%       1d8       1%          1
b - Searing Ray           Conj           52%        2d6       1%          2

Your spell library contained the following spells:

 Spells                   Type           Power      Damage    Failure   Level
 Dazzling Flash           Conj/Hex       30%        N/A       12%         3
 Fulminant Prism          Conj/Hex       7%         3d7       36%         4
 Iskenderun's Mystic Bla  Conj/Tloc      15%        2d5       36%         4


Dungeon Overview and Level Annotations

Branches:
Dungeon (4/15)            Ossuary (visited)
 Temple: D:4-7

Altars:
Ashenzari


Innate Abilities, Weirdness & Mutations

You can breathe bolts of dispelling energy.
Your rich purple scales are hard. (AC +6)
You cannot fit into any form of body armour.
You are cold-blooded and may be slowed by cold attacks.


Message History

The centaur skeleton kicks you.
Casting: Magic Dart (safe; 1% risk of failure)
Confirm with . or Enter, or press ? or * to list all spells.
Aiming: Magic Dart (safe; 1% risk of failure)
Press: ? - help, Shift-Dir - straight line, f/p - centaur skeleton
Aim: a centaur skeleton (heavily damaged, 100% to hit)
The magic dart hits the centaur skeleton!
The centaur skeleton is almost destroyed.
A giant cockroach comes into view.
The centaur skeleton hits you but does no damage.
The centaur skeleton kicks you but does no damage.
The centaur skeleton barely misses you.
The centaur skeleton kicks you but does no damage.
Casting: Magic Dart (safe; 1% risk of failure)
Confirm with . or Enter, or press ? or * to list all spells.
Aiming: Magic Dart (safe; 1% risk of failure)
Press: ? - help, Shift-Dir - straight line, f/p - centaur skeleton
Aim: a centaur skeleton (almost destroyed, 100% to hit)
The magic dart hits the centaur skeleton.
You destroy the centaur skeleton!
You have reached level 7!
Your scales start taking on a rich purple colour.
You learn Spellcasting much quicker.
Your Spellcasting skill increases to level 4!
You learn Hexes much quicker.
You learn Evocations quicker.
You can breathe bolts of dispelling energy.
Okay, then.
This spell is quite dangerous to cast!
Memorise Fulminant Prism, consuming 4 spell levels and leaving 8?
You start memorising the spell.
You continue memorising. x4
The giant cockroach bites you but does no damage.
Your memorisation is interrupted.
This spell is quite dangerous to cast!
Memorise Fulminant Prism, consuming 4 spell levels and leaving 8?
Okay, then.
Are you sure you want to abandon this character and quit the game? (Confirm with "yes".)
Okay, then.
The giant cockroach bites you but does no damage.
Unknown command.
Are you sure you want to abandon this character and quit the game? (Confirm with "yes".)

....#######........
......<..##..#####.
##.###.#.##..# #
......^#.##..# ?.
#.######.##..#####.##.
.............).......
###########..#####.##
...........(.####..#
###########.....@..# #
#######B.# # ..#
######## ..# ........
..# ###..... ... ..+
... ...# ### . ...# #


You could see a giant cockroach.

Vanquished Creatures
  4 elf zombies (Ossuary)
  A howler monkey (D:4)
  A human zombie (Ossuary)
  A centaur skeleton (D:4)
  3 hound zombies (Ossuary)
  3 mummies (Ossuary)
  2 adders (D:4)
  An adder skeleton (D:4)
  2 adder zombies (Ossuary)
  A dart slug (D:1)
  2 orcs
  4 ball pythons
  A bat (D:2)
  2 endoplasms (D:1)
  2 goblins
  2 hobgoblins
  3 kobolds
  2 quokkas (D:4)
  A frilled lizard (D:2)
  A gnoll zombie (Ossuary)
  4 goblin zombies (Ossuary)
  4 hobgoblin zombies (Ossuary)
  A jackal zombie (Ossuary)
  7 kobold zombies (Ossuary)
  4 quokka zombies (Ossuary)
  2 rat zombies (Ossuary)
61 creatures vanquished.

Notes
Turn   | Place    | Note
-------+----------+-------------------------------------------
     0 | D:1      | Zeld the Draconian Conjurer began the quest for the Orb.
     0 | D:1      | Reached XP level 1. HP: 14/14 MP: 3/3
   180 | D:1      | Reached XP level 2. HP: 20/22 MP: 1/5
   187 | D:1      | Learned a level 2 spell: Searing Ray
   403 | D:3      | Reached skill level 1 in Fighting
   496 | D:4      | Found a sand-covered staircase.
   506 | Ossuary  | Entered an ossuary
   690 | Ossuary  | Reached XP level 3. HP: 28/28 MP: 6/6
   793 | Ossuary  | Reached XP level 4. HP: 5/36 MP: 0/8
  1134 | Ossuary  | Reached XP level 5. HP: 23/42 MP: 0/9
  1964 | Ossuary  | Reached skill level 5 in Conjurations
  1964 | Ossuary  | Reached XP level 6. HP: 47/51 MP: 11/11
  2350 | D:4      | Found a broken altar of Ashenzari.
  2693 | D:4      | Your scales start taking on a rich purple colour.
  2693 | D:4      | Reached XP level 7. HP: 58/58 MP: 6/14
  2699 | D:4      | Quit the game

Illustrated notes

Levels and vault maps discovered:
D:1:      dpeg_arrival_windows_large_door, layout_loops_corners,
          chequers_ecumenical_altar_grove,
          nicolae_concentric_dashed_squares_wild, st_stairs_5
D:2:      layout_loops_ring, uniq_robin
D:3:      layout_loops_ring, hellmonk_ghost_happy_afterlife, roderic_lattice_a,
          uniq_jessica
D:4:      layout_basic, marbit_many_paths, enter_ossuary_1, kennysheep_path_1,
          kennysheep_minor_cross

Skill      XL: |  1  2  3  4  5  6 |
---------------+-------------------+-----
Fighting       | 1 2 3 |  3.8
Stealth        | 2 3 |  3.0
Dodging        | 2 |  2.8
Spellcasting   | 3 4 |  4.6
Conjurations   | 5 |  5.4

Action                   |  1- 3 |  4- 6 |  7- 9 || total
-------------------------+-------+-------+-------++-------
Melee: Unarmed           |    10 |       |       ||    10
       Tailslap          |     6 |    12 |       ||    18
       War axe           |    35 |   100 |       ||   135
 Cast: Magic Dart        |    22 |    24 |       ||    46
       Searing Ray       |     1 |    13 |       ||    14
 Stab: Sleeping          |       |     1 |       ||     1
Armor: Skin              |    26 |    48 |     2 ||    76
Dodge: Dodged            |    34 |    88 |       ||   122
